 Dungeon Crawl Stone Soup version 0.27-a0-1066-g29160eaed2 (webtiles) character file.

Game seed: 2070327112636464598

30 LordDeathwing the Skirmisher (level 3, 0/33 HPs)
             Began as a Hill Orc Fighter on Apr 24, 2021.
             Slain by Sigmund
             ... wielding a +0 scythe
              (1 damage)
             ... on level 2 of the Dungeon.
             The game lasted 00:02:15 (714 turns).

LordDeathwing the Skirmisher (Hill Orc Fighter)      Turns: 714, Time: 00:02:15

Health: 0/33       AC:  7    Str: 19    XL:     3   Next: 18%
Magic:  3/3        EV:  7    Int:  8    God:
Gold:   29         SH:  9    Dex: 10    Spells: 2/2 levels left

rFire    . . .     SeeInvis .   a - +0 war axe
rCold    . . .     Faith    .   c - +0 kite shield
rNeg     . . .     Spirit   .   b - +0 scale mail
rPois    .         Reflect  .   (no helmet)
rElec    .         Harm     .   (no cloak)
rCorr    .         Rampage  .   (no gloves)
Will     .....                  (no boots)
Stlth    ..........             (no amulet)
HPRegen  0.11/turn              (no ring)
MPRegen  0.08/turn              (no ring)

@: no status effects
A: no striking features
a: no special abilities


You were on level 2 of the Dungeon.
You visited 1 branch of the dungeon, and saw 2 of its levels.

You collected 29 gold pieces.

Inventory:

Hand Weapons
 a - a +0 war axe (weapon)
Armour
 b - a +0 scale mail (worn)
 c - a +0 kite shield (worn)
Scrolls
 f - a scroll of fog {unknown}
 g - a scroll of teleportation {unknown}
 i - a scroll of identify {unknown}
Potions
 d - a potion of might
 e - 3 potions of heal wounds {unknown}
 h - a potion of haste {unknown}


   Skills:
 + Level 3.8 Fighting
 * Level 3.4 Axes
 * Level 3.8 Armour
 + Level 0.5 Stealth
 + Level 3.4 Shields


You had 2 spell levels left.
You didn't know any spells.
Your spell library was empty.

Dungeon Overview and Level Annotations

Branches:
Dungeon (2/15)

Altars:

Annotations:
D:2 Sigmund


Message History

Sigmund shouts!
A hobgoblin comes into view.
There is a stone staircase leading up here.
Sigmund points at you and mumbles some strange words.
The puff of flame hits you!
You climb upwards.
There is a stone staircase leading down here.
You start resting.
HP restored.
You climb downwards.
Level annotation: Sigmund
There is a stone staircase leading up here.
You block Sigmund's attack. Sigmund hits you with a +0 scythe!
You barely miss Sigmund. Sigmund barely misses you.
Sigmund hits you but does no damage.
You barely miss Sigmund. Sigmund hits you but does no damage. x2
You slash Sigmund!
Sigmund is heavily wounded.
Sigmund hits you with a +0 scythe!
You are too injured to fight recklessly!
You are too injured to fight recklessly!
You are too injured to fight recklessly!
You are too injured to fight recklessly!
You are too injured to fight recklessly!
You are too injured to fight recklessly!
You hit Sigmund.
Sigmund is heavily wounded.
Sigmund hits you with a +0 scythe!
* * * LOW HITPOINT WARNING * * *
You block Sigmund's attack.
You closely miss Sigmund.
Sigmund is heavily wounded.
You block Sigmund's attack.
Your shield prevents you from hitting Sigmund.
Sigmund is heavily wounded.
Sigmund hits you with a +0 scythe.
* * * LOW HITPOINT WARNING * * *
Sigmund hits you with a +0 scythe.
You die...

# #.###
#....#####
#.@@.<#
#.##### #.
.. .g# ..@
.... .#.##


You could see Sigmund.

Vanquished Creatures
  3 bats (D:1)
  2 endoplasms (D:1)
  7 goblins (D:1)
  2 hobgoblins (D:1)
  3 kobolds (D:1)
  3 quokkas (D:1)
  A ball python (D:1)
  2 frilled lizards (D:1)
  2 rats
25 creatures vanquished.

Notes
Turn   | Place    | Note
-------+----------+-------------------------------------------
     0 | D:1      | LordDeathwing the Hill Orc Fighter began the quest for the
                  | Orb.
     0 | D:1      | Reached XP level 1. HP: 19/19 MP: 1/1
    69 | D:1      | Reached XP level 2. HP: 22/27 MP: 2/2
   255 | D:1      | Reached XP level 3. HP: 33/33 MP: 3/3
   455 | D:1      | Found a faded altar of an unknown god.
   593 | D:2      | Noticed Sigmund
   714 | D:2      | HP: 1/33 [Sigmund/+0 scythe (4)]
   714 | D:2      | Slain by Sigmund

Illustrated notes

Levels and vault maps discovered:
D:1:      evilmike_arrival_fibonacci_small, layout_rooms,
          hellmonk_ecumenical_altar_lost_god
D:2:      kb_forest_paths, layout_basic, minmay_pentomino_t2, uniq_sigmund,
          uniq_jessica

Skill      XL: |  1 |
---------------+----+-----
Axes           | 3 |  3.4
Fighting       | |  3.8
Armour         | |  3.8
Stealth        | |  0.5
Shields        | |  3.4

Action                   || total
-------------------------++-------
Melee: War axe           ||    63
Armor: Scale mail        ||    35
Dodge: Dodged            ||    18
Block: Kite shield       ||    39

Table legend: (Time is in decaauts)
 A = Elapsed time spent in this place.
 B = Non-inter-level travel time spent in this place.
 C = Inter-level travel time spent in this place.
 D = Time resting spent in this place.
 E = Time spent auto-exploring this place.
 F = Levels seen in this place.
 G = Mean time per level.
                   A        B        C        D        E       F      G
               +--------+--------+--------+--------+--------+-----+--------+
         Total |    750 |    750 |      0 |    103 |    462 |   2 |  375.0 |
       Dungeon |    750 |    750 |      0 |    103 |    462 |   2 |  375.0 |
               +--------+--------+--------+--------+--------+-----+--------+

Top non-repeatable levels by time:
     D:1: 725 daAuts
     D:2: 25 daAuts
